 Dungeon Crawl Stone Soup version 0.25-a0-404-gc1b5a34 (webtiles) character file.

Game seed: 1212674633600931344, levelgen mode: deterministic

446 Firecrotchwizard the Slasher (level 7, -3/44 HPs)
             Began as a Tengu Berserker on Jan 10, 2020.
             Was a Priest of Trog.
             Slain by a sky beast (5 damage)
             ... on level 7 of the Dungeon.
             The game lasted 00:04:41 (3467 turns).

Firecrotchwizard the Slasher (Tengu Berserker)      Turns: 3467, Time: 00:04:42

Health: -3/44      AC:  5    Str: 18    XL:     7   Next: 3%
Magic:  8/8        EV: 15    Int:  8    God:    Trog [***...]
Gold:   125        SH:  0    Dex: 14    Spells: 6/6 levels left

rFire    . . .     SeeInvis .   a - +0 falchion
rCold    . . .     Gourm    .   (no shield)
rNeg     . . .     Faith    .   p - +0 ring mail
rPois    .         Spirit   .   (helmet restricted)
rElec    .         Reflect  .   (no cloak)
rCorr    .         Harm     .   (no gloves)
MR       .....                  (boots unavailable)
Stlth    +.........             (no amulet)
HPRegen  0.14/turn              o - +2 ring of slaying
MPRegen  0.11/turn              (no ring)

@: flying quickly and evasively, quick
A: beak, talons 3, able to fly
a: Stop Flying, Berserk, Trog's Hand, Renounce Religion


You were on level 7 of the Dungeon.
You worshipped Trog.
Trog was most pleased with you.
You were not hungry.

You visited 1 branch of the dungeon, and saw 5 of its levels.

You collected 125 gold pieces.

Inventory:

Hand Weapons
 a - a +0 falchion (weapon)
Missiles
 q - a throwing net {=f, !d}
Armour
 b - a +0 animal skin
 p - a +0 ring mail (worn)
   (You found it on level 2 of the Dungeon)
Jewellery
 o - a +2 ring of slaying (left hand)
   (You found it on level 2 of the Dungeon)
Scrolls
 d - a scroll of blinking {unknown}
 e - a scroll of enchant armour {unknown}
 i - a scroll of fog {unknown}
 l - a scroll of amnesia {unknown}
 n - 2 scrolls of enchant weapon {unknown}
Potions
 f - a potion of ambrosia {unknown}
 g - a potion of curing
 h - a potion of flight
 j - 2 potions of brilliance {unknown}
 m - a potion of lignification {!q}
 r - a potion of heal wounds
 s - 2 potions of magic
Comestibles
 c - 9 rations


   Skills:
 + Level 4.5 Fighting
 * Level 6.3 Long Blades
 - Level 2.2 Armour
 + Level 4.3 Dodging


You had 6 spell levels left.
You didn't know any spells.
Your spell library was empty.

Dungeon Overview and Level Annotations

Branches:
Dungeon (4/15)
 Temple: D:4-7

Altars:
Qazlal
Vehumet
Wu Jian
Zin


Innate Abilities, Weirdness & Mutations

You have a beak for a mouth.
You have claws for feet.
You can fly continuously.


Message History

Health restored: 39 You are sucked into a shaft and drop 3 floors!
The shaft crumbles and collapses. 2 zombies come into view.
An adder comes into view.
The adder hisses angrily.
A quasit comes into view.
The quasit gives a chilling moan.
You hit the adder. The adder closely misses you.
You barely miss the adder. The adder bites you but does no damage.
The quasit bites you but does no damage.
The quasit completely misses you. The quasit closely misses you.
You miss the adder. You claw the adder.
You kill the adder!
Trog accepts your kill. The quasit misses you.
The quasit completely misses you.
The quasit claws you but does no damage.
You closely miss the quasit. The quasit bites you.
The quasit closely misses you. x2
You take 3 damage, and have 36/39 hp.
You hit the quasit but do no damage. You claw the quasit.
The quasit closely misses you. The quasit misses you.
The quasit claws you but does no damage.
The bullfrog zombie misses you. The bullfrog zombie closely misses you.
You are feeling hungry.
You hit the quasit but do no damage. You claw the quasit!
The quasit misses you.
You riposte.
You miss the quasit. You claw the quasit.
You kill the quasit!
Trog accepts your kill. The bullfrog zombie closely misses you.
The bullfrog zombie hits you but does no damage.
The bullfrog zombie barely misses you. The bullfrog zombie closely misses you.
You slash the bullfrog zombie! You claw the bullfrog zombie.
You peck the bullfrog zombie. The bullfrog zombie misses you.
The bullfrog zombie barely misses you.
You hit the bullfrog zombie. You claw the bullfrog zombie.
The bullfrog zombie hits you. The bullfrog zombie closely misses you.
You slash the bullfrog zombie!
You destroy the bullfrog zombie!
Trog accepts your kill. The bullfrog zombie hits you.
You take 1 damage, and have 35/39 hp.
You hit the bullfrog zombie. You claw the bullfrog zombie.
You peck the bullfrog zombie. The bullfrog zombie barely misses you.
You riposte.
You hit the bullfrog zombie. You claw the bullfrog zombie.
The bullfrog zombie hits you.
You take 2 damage, and have 33/39 hp.
You hit the bullfrog zombie. You claw the bullfrog zombie.
You peck the bullfrog zombie.
You destroy the bullfrog zombie!
Trog accepts your kill.
You have reached level 7!
You regained 4 hp, and now have 37/44 hp.
MP restored: 8 You see here an adder corpse.
You butcher the adder corpse.
k - a chunk of flesh {@w0} You see here an adder skeleton.
You start resting.
Eating a chunk of flesh {@w0}.
You eat the chunk of flesh {@w0}.
Health restored: 44 A centaur comes into view.
The centaur shouts!
The centaur wields a +0 shortbow.
The centaur shoots an arrow.
The arrow hits you!
A sky beast comes into view.
You see here an arrow.
You take 10 damage, and have 34/44 hp.
MASSIVE DAMAGE!!
The centaur shoots an arrow.
The arrow barely misses you.
The centaur shoots an arrow.
The arrow misses you.
The centaur shoots an arrow.
The arrow hits you.
You see here an arrow.
You take 5 damage, and have 29/44 hp.
The centaur shoots an arrow.
The arrow hits you!
You see here an arrow.
You take 12 damage, and have 17/44 hp.
MASSIVE DAMAGE!!
The centaur shoots an arrow.
The arrow misses you.
The sky beast flickers out of sight!
Deactivating autopickup; reactivate with Ctrl-A.
The centaur unwields a +0 shortbow.
The centaur closely misses you.
You hit the centaur. Something hits you. Something shocks you.
* * * LOW HITPOINT WARNING * * *
The centaur hits you but does no damage.
You take 6 damage, and have 11/44 hp.
You hit the centaur but do no damage. You claw the centaur.
You peck the centaur.
The centaur hits you but does no damage.
Something hits you.
* * * LOW HITPOINT WARNING * * *
Something shocks you.
* * * LOW HITPOINT WARNING * * *
The centaur hits you.
* * * LOW HITPOINT WARNING * * *
You take 8 damage, and have 3/44 hp.
You barely miss the centaur. You claw the centaur. Something hits you.
* * * LOW HITPOINT WARNING * * *
Something shocks you.
You die...

.. #....
######### #....
#........
....##+#........
.........(......
........c{......
........@.......
###....#######.
#(..(+ #...(#
#....# #((..#
#....# ####
#....#
....####....##+##


You could see a centaur.

Vanquished Creatures
  A scorpion (D:4)
  2 bullfrog zombies (D:7)
  A quasit (D:7)
  A hound (D:4)
  An orc priest (D:4)
  2 orc wizards (D:4)
  5 adders
  4 gnolls (D:3)
  An ooze (D:1)
  A worm (D:3)
  2 dart slugs
  4 leopard geckos
  10 orcs
  6 bats
  3 giant cockroaches
  10 goblins
  9 hobgoblins
  4 jackals
  9 kobolds
  2 quokkas (D:2)
  2 frilled lizards
  3 rats (D:3)
83 creatures vanquished.

Vanquished Creatures (others)
  17 toadstools (D:4)
17 creatures vanquished.

Grand Total: 100 creatures vanquished

Notes
Turn   | Place    | Note
-------+----------+-------------------------------------------
     0 | D:1      | Firecrotchwizard the Tengu Berserker began the quest for
                  | the Orb.
     0 | D:1      | Reached XP level 1. HP: 14/14 MP: 2/2
    72 | D:1      | Reached XP level 2. HP: 19/19 MP: 3/3
   559 | D:1      | Reached XP level 3. HP: 23/23 MP: 4/4
   774 | D:1      | Reached skill level 4 in Long Blades
  1327 | D:2      | Found a radiant altar of Vehumet.
  1327 | D:2      | Found a glowing silver altar of Zin.
  1625 | D:2      | Reached ** piety under Trog
  1843 | D:2      | Reached XP level 4. HP: 26/28 MP: 5/5
  1971 | D:2      | Reached skill level 3 in Dodging
  1990 | D:3      | Found a stormy altar of Qazlal.
  2222 | D:3      | Gained mutation: You can fly continuously. [Tengu growth]
  2222 | D:3      | Reached XP level 5. HP: 32/33 MP: 6/6
  2512 | D:3      | Reached skill level 5 in Long Blades
  2895 | D:4      | Reached skill level 4 in Fighting
  2923 | D:4      | Reached XP level 6. HP: 28/38 MP: 7/7
  2978 | D:4      | Found an ornate altar of the Wu Jian Council.
  3285 | D:4      | Reached skill level 6 in Long Blades
  3285 | D:4      | Reached skill level 4 in Dodging
  3386 | D:4      | You are sucked into a shaft and drop 3 floors!
  3404 | D:7      | Reached *** piety under Trog
  3404 | D:7      | Reached XP level 7. HP: 37/44 MP: 8/8
  3465 | D:7      | HP: 11/44 [something (6)]
  3466 | D:7      | HP: 4/44 [something (5)]
  3467 | D:7      | Slain by a sky beast

Levels and vault maps discovered:
D:1:      sevenhm_arrival_forest_fort_small_4, layout_basic
D:2:      layout_loops_ring, gammafunk_temple_overflow_elements, first_ration
D:3:      layout_basic, lemuel_round_altar
D:4:      layout_loops_ring, tgw_fedhas, nicolae_overflow_crystal_walls,
          minmay_fractal_squares_5
D:7:      layout_gridville

Skill      XL: |  1  2  3  4  5  6 |
---------------+-------------------+-----
Long Blades    | 4 5 6 |  6.3
Dodging        | 3 4 |  4.3
Fighting       | 4 |  4.5
Armour         | |  2.2

Action                   |  1- 3 |  4- 6 |  7- 9 || total
-------------------------+-------+-------+-------++-------
Melee: Falchion          |    64 |   111 |     3 ||   178
       Kick              |    27 |    39 |     2 ||    68
       Peck              |     8 |    30 |     1 ||    39
Invok: Trog's Hand       |       |     1 |       ||     1
 Abil: Fly               |       |     1 |       ||     1
  Use: Scroll            |       |     5 |       ||     5
 Stab: Sleeping          |     1 |       |       ||     1
  Eat: Chunk             |     3 |     5 |     1 ||     9
Armor: Animal skin       |    12 |       |       ||    12
       Ring mail         |       |    29 |     2 ||    31
Dodge: Dodged            |    44 |    89 |     4 ||   137
       Rpst.: Falchion   |     8 |    20 |       ||    28

Table legend:
 A = Non-vault XP
 B = Vault XP
 C = Vault XP percentage of total XP
 D = Non-vault monster count
 E = Vault monster count
 F = Vault count percentage of total count
                 A         B        C        D         E       F
            +---------+---------+-------+---------+---------+-------
      Total |     638 |       0 |   0.0 |      83 |       0 |   0.0
            +---------+---------+-------+---------+---------+-------
        D:1 |      42 |       0 |   0.0 |      20 |       0 |   0.0
        D:2 |      46 |       0 |   0.0 |      17 |       0 |   0.0
        D:3 |     125 |       0 |   0.0 |      29 |       0 |   0.0
        D:4 |     277 |       0 |   0.0 |      13 |       0 |   0.0
        D:7 |     148 |       0 |   0.0 |       4 |       0 |   0.0
            +---------+---------+-------+---------+---------+-------

Levels and vault maps discovered:
D:1:      sevenhm_arrival_forest_fort_small_4, layout_basic
D:2:      layout_loops_ring, gammafunk_temple_overflow_elements, first_ration
D:3:      layout_basic, lemuel_round_altar
D:4:      layout_loops_ring, tgw_fedhas, nicolae_overflow_crystal_walls,
          minmay_fractal_squares_5
D:7:      layout_gridville

Table legend:
 A = Turns spent in this place as a percentage of turns spent in the entire game.
 B = Non-inter-level travel turns spent in this place as a percentage of non-inter-level travel turns spent in the entire game.
 C = Inter-level travel turns spent in this place as a percentage of turns spent in this place.
 D = Turns resting spent in this place as a percentage of non-inter-level travel turns spent in this place.
 E = Turns spent auto-exploring this place as a percentage of non-inter-level travel turns spent in this place.
 F = Non-inter-level travel turns spent in this place divided by the number of levels of this place that you've seen.
                   A       B       C       D       E      F
               +-------+-------+-------+-------+-------+----------------------
         Total | 100.0 | 100.0 |   3.7 |  34.9 |  50.4 | 667.4
       Dungeon | 100.0 | 100.0 |   3.7 |  34.9 |  50.4 | 667.4
               +-------+-------+-------+-------+-------+----------------------

Table legend:
 A = Kills in this place as a percentage of kills in entire the game.
 B = Kills by you in this place as a percentage of kills by you in the entire game.
 C = Kills by friends in this place as a percentage of kills by friends in the entire game.
 D = Other kills in this place as a percentage of other kills in the entire game.
 E = Experience gained in this place as a percentage of experience gained in the entire game.
 F = Experience gained in this place divided by the number of levels of this place that you have seen.
                   A       B       C       D       E      F
               +-------+-------+-------+-------+-------+----------------------
         Total | 100.0 | 100.0 |   N/A |   N/A | 100.0 | 127.6
       Dungeon | 100.0 | 100.0 |   N/A |   N/A | 100.0 | 127.6
               +-------+-------+-------+-------+-------+----------------------
